 Dungeon Crawl Stone Soup version 0.26-a0-1161-g0398aca569 (webtiles) character file.

Game seed: 1929807261420046074

487 Morbidden the Sneak (level 6, 47/47 HPs)
             Began as a Demonspawn Brigand on Dec 28, 2020.
             Quit the game in the Ecumenical Temple.
             The game lasted 00:05:37 (5064 turns).

Morbidden the Sneak (Demonspawn Brigand)            Turns: 5064, Time: 00:05:38

Health: 47/47      AC:  6    Str: 11    XL:     6   Next: 89%
Magic:  9/9        EV: 10    Int: 14    God:
Gold:   237        SH: 12    Dex: 15    Spells: 9/9 levels left

rFire    . . .     SeeInvis .   l - +0 short sword (speed)
rCold    + . .     Faith    .   y - +0 kite shield
rNeg     . . .     Spirit   .   s - +1 leather armour {rC+}
rPois    .         Reflect  +   (no helmet)
rElec    .         Harm     .   o - scarf {repulsion}
rCorr    .         Rampage  .   (no gloves)
Will     .....                  (no boots)
Stlth    +++.......             p - amulet of reflection
HPRegen  0.15/turn              g - ring of wizardry
MPRegen  0.11/turn              (no ring)

@: repel missiles
A: talons 1, icy blue scales 1, demonic guardian 1
a: no special abilities


You were in the Ecumenical Temple.
You visited 2 branches of the dungeon, and saw 6 of its levels.

You collected 237 gold pieces.

Inventory:

Hand Weapons
 a - a +2 dagger
 l - a +0 short sword of speed (weapon)
Missiles
 c - 2 javelins
 d - 6 poisoned darts (quivered)
 e - 2 curare-tipped darts
Armour
 o - a scarf of repulsion (worn)
 s - a +1 leather armour of cold resistance (worn)
 y - a +0 kite shield (worn)
Jewellery
 g - a ring of wizardry (left hand)
 p - an amulet of reflection (around neck)
 B - an uncursed amulet of faith {unknown}
Wands
 r - a wand of digging (1)
 t - a wand of random effects (12)
Scrolls
 f - 4 scrolls of remove curse {unknown}
 n - 3 scrolls of identify
 v - 3 scrolls of teleportation {unknown}
 w - a scroll of enchant weapon {unknown}
 x - a scroll of noise {unknown}
 z - a scroll of vulnerability {unknown}
 A - a scroll of amnesia {unknown}
Potions
 b - a potion of haste {unknown}
 h - a potion of flight {unknown}
 i - a potion of ambrosia {unknown}
 j - 2 potions of attraction {unknown}
 k - 3 potions of curing
 m - a potion of might {unknown}
 q - a potion of degeneration {unknown}
 u - 3 potions of magic {unknown}
 C - a potion of brilliance {unknown}


   Skills:
 * Level 3.3 Fighting
 + Level 3.4 Short Blades
 + Level 2.2 Throwing
 + Level 1.4 Armour
 * Level 2.7 Dodging
 + Level 4.6 Stealth
 + Level 0.2 Shields
 * Level 2.3 Spellcasting


You had 9 spell levels left.
You didn't know any spells.
Your spell library contained the following spells:

 Spells                   Type           Power        Failure   Level
 Animate Skeleton         Necr           2%           58%         1
 Apportation              Tloc           2%           58%         1
 Corona                   Hex            1%           58%         1
 Summon Small Mammal      Summ           4%           58%         1


Dungeon Overview and Level Annotations

Branches:
Dungeon (5/15)             Temple (1/1) D:5

Altars:
Ashenzari
Elyvilon
Gozag
Hepliaklqana
Kikubaaqudgha
Makhleb
Okawaru
Qazlal
Ru
Trog
Xom
Zin
The Shining One


Innate Abilities, Weirdness & Mutations

You have sharp toenails.
You are partially covered in icy blue scales. (AC +2)
A weak demonic guardian rushes to your aid.


Message History

There is a staircase back to the Dungeon here.
HP restored.
Found a shimmering altar of Xom.
Found a glowing golden altar of the Shining One.
Found a hazy altar of Hepliaklqana.
Found an iron altar of Okawaru.
Found a broken altar of Ashenzari.
Found a glowing silver altar of Zin.
Found a white marble altar of Elyvilon.
Found a bloodstained altar of Trog.
Found an ancient bone altar of Kikubaaqudgha.
Found a burning altar of Makhleb.
Done exploring.
Done exploring.
Done exploring.
Done exploring.
Done exploring.
Done exploring.
Done exploring.
Are you sure you want to abandon this character and quit the game? (Confirm with "yes".)

###.⌠.### #8.....8# ##.......##
#....<....# #.........#
########..._._...########
###.⌠.##.............##.8.###
#8.......≈≈.......≈≈.......⌠#
##.......≈≈≈≈≈@..≈≈≈≈≈.......##
#....._...≈≈≈≈≈≈≈≈≈≈≈..._.....#
#⌠........≈≈≈≈≈≈≈≈≈≈≈........8#
#..._.....≈≈≈≈≈≈≈≈≈≈≈....._...#
##.......≈≈≈≈≈≈≈≈≈≈≈≈≈.......##
#.......≈≈≈≈≈≈≈≈≈≈≈≈≈.......#
###...≈≈≈≈≈≈≈≈≈≈≈≈≈≈≈≈≈...###
##.≈≈≈≈≈≈≈≈≈≈≈≈≈≈≈≈≈≈≈.##
###...≈≈≈≈≈≈≈≈≈≈≈≈≈≈≈≈≈...###


There were no monsters in sight!

Vanquished Creatures
  Grinder (D:4)
  A sky beast (D:2)
  2 orc wizards
  A worker ant (D:2)
  A hound skeleton (D:4)
  Robin (D:2)
  2 adders
  An adder skeleton (D:4)
  2 worms (D:3)
  2 leopard geckos (D:1)
  12 orcs
  4 giant cockroaches
  20 goblins
  9 hobgoblins
  5 jackals
  5 kobolds
  2 quokkas
  2 ball pythons (D:3)
  6 bats
  7 frilled lizards
  A leopard gecko skeleton (D:4)
  6 rats
93 creatures vanquished.

Vanquished Creatures (collateral kills)
  An orc wizard (D:4)
  An adder (D:2)
  A worm (D:2)
  A goblin (D:2)
4 creatures vanquished.

Vanquished Creatures (others)
  2 plants (D:5)
2 creatures vanquished.

Grand Total: 99 creatures vanquished

Notes
Turn   | Place    | Note
-------+----------+-------------------------------------------
     0 | D:1      | Morbidden the Demonspawn Brigand began the quest for the
                  | Orb.
     0 | D:1      | Reached XP level 1. HP: 16/16 MP: 1/1
   177 | D:1      | Reached skill level 1 in Dodging
   177 | D:1      | Gained mutation: A weak demonic guardian rushes to your
                  | aid. [demonic ancestry]
   177 | D:1      | Reached XP level 2. HP: 5/22 MP: 2/2
  1392 | D:2      | Noticed Robin
  1410 | D:2      | Gained mutation: You have sharp toenails. [demonic
                  | ancestry]
  1410 | D:2      | Reached XP level 3. HP: 12/27 MP: 2/4
  1413 | D:2      | Reached skill level 4 in Stealth
  1434 | D:2      | HP: 1/27 [goblin (1)]
  1451 | D:2      | HP: 1/27 [goblin/stone (1)]
  2027 | D:2      | Noticed a sky beast
  2041 | D:2      | Killed a sky beast
  2042 | D:2      | Reached skill level 1 in Spellcasting
  2042 | D:2      | Reached XP level 4. HP: 28/34 MP: 4/6
  2042 | D:2      | Gained mutation: You are partially covered in icy blue
                  | scales. (AC +2) [demonic ancestry]
  2042 | D:2      | Reached XP level 5. HP: 32/39 MP: 4/7
  2148 | D:2      | Killed Robin
  2300 | D:2      | Found a stormy altar of Qazlal.
  3913 | D:4      | Noticed Grinder
  3927 | D:4      | Killed Grinder
  3928 | D:4      | Reached skill level 1 in Armour
  3928 | D:4      | Reached XP level 6. HP: 25/47 MP: 7/9
  4486 | D:5      | Entered Level 5 of the Dungeon
  4574 | D:5      | Got a dazzling chain mail
  4585 | D:5      | Identified the +10 chain mail of the Armadillo {+Blink
                  | rCorr Dex+4 Slay-3} (You found it on level 5 of the
                  | Dungeon)
  4730 | D:5      | Found a staircase to the Ecumenical Temple.
  4778 | Temple   | Entered the Ecumenical Temple
  5064 | Temple   | Quit the game

Illustrated notes

Levels and vault maps discovered:
D:1:      dpeg_arrival_stone_temple_mockup, layout_loops_ring,
          ebering_dispersal_statue_hall, roderic_roman_lattice
D:2:      kennysheep_the_goblin_king, layout_rooms, grunt_qazlal_sundering,
          guppyfry_early_orc_mine, uniq_robin
D:3:      layout_basic, minmay_statues_item
D:4:      layout_basic, uniq_grinder
D:5:      layout_loops_ring, minmay_temple_entry_gardened_gates, corexii_shack
Temple:   nicolae_temple_hex_pool

Skill      XL: |  1  2  3  4  5 |
---------------+----------------+-----
Dodging        | 1 2 |  2.7
Short Blades   | 2 3 |  3.4
Stealth        | 4 |  4.6
Throwing       | 2 |  2.2
Spellcasting   | 1 2 |  2.3
Fighting       | 3 |  3.3
Armour         | 1 |  1.4
Shields        | |  0.2

Action                   |  1- 3 |  4- 6 || total
-------------------------+-------+-------++-------
Melee: Dagger            |    71 |       ||    71
       Short sword       |    83 |   170 ||   253
       Kick              |    16 |    38 ||    54
Throw: Dart              |    14 |     8 ||    22
       Javelin           |     3 |     2 ||     5
  Use: Potion            |     2 |       ||     2
       Scroll            |     1 |       ||     1
 Stab: Sleeping          |     4 |    11 ||    15
       Distracted        |       |     1 ||     1
Armor: Robe              |    30 |     4 ||    34
       Skin              |     7 |       ||     7
       Leather armour    |       |    29 ||    29
Dodge: Dodged            |   107 |    60 ||   167
       Repelled          |       |     1 ||     1
Block: Other             |       |     6 ||     6
       Kite shield       |       |    19 ||    19

Table legend: (Time is in decaauts)
 A = Elapsed time spent in this place.
 B = Non-inter-level travel time spent in this place.
 C = Inter-level travel time spent in this place.
 D = Time resting spent in this place.
 E = Time spent auto-exploring this place.
 F = Levels seen in this place.
 G = Mean time per level.
                   A        B        C        D        E       F      G
               +--------+--------+--------+--------+--------+-----+--------+
         Total |   4970 |   4848 |    122 |    669 |   3440 |   6 |  828.3 |
       Dungeon |   4684 |   4562 |    122 |    669 |   3155 |   5 |  936.8 |
        Temple |    285 |    285 |      0 |      0 |    285 |   1 |  285.0 |
               +--------+--------+--------+--------+--------+-----+--------+

Top non-repeatable levels by time:
     D:2: 1589 daAuts
     D:1: 1301 daAuts
     D:4: 921 daAuts
     D:3: 590 daAuts
  Temple: 285 daAuts
     D:5: 281 daAuts
